 Dungeon Crawl Stone Soup version 0.29.1-1-gd02db6906a (webtiles) character file.

Game seed: 17609805944673288211

849 MacCMillion the Caller (level 7, 33/33 HPs)
             Began as a Felid Summoner on Oct 9, 2022.
             Quit the game on level 7 of the Dungeon on Oct 14, 2022.
             The game lasted 00:46:33 (9906 turns).

MacCMillion the Caller (Felid Summoner)             Turns: 9906, Time: 00:46:33

Health: 33/33      AC:  2    Str:  4    XL:     7   Next: 69%
Magic:  24/24      EV: 21    Int: 18    God:
Gold:   354        SH:  0    Dex: 17    Spells: 5/16 levels left
                                        Lives:  0   Deaths: 2

rFire   . . .      SeeInvis +   (weapon unavailable)
rCold   . . .      Faith    .   (shield unavailable)
rNeg    . . .      Spirit   .   (body armour unavailable)
rPois   .          Reflect  .   (helmet unavailable)
rElec   .          Harm     .   (cloak unavailable)
rCorr   .          Rampage  .   (gloves unavailable)
Will    +....                   (boots unavailable)
Stlth   ++........              (no amulet)
HPRegen 0.11/turn               r - ring of magical power
MPRegen 0.19/turn               (no ring)

@: quick
A: very small, claws 1, fangs 3, see invisible, speed 1, shaggy fur 2, stealthy
paws, no weapons or thrown items, no armour, multi-lived
a: no special abilities


You were on level 7 of the Dungeon.
You visited 1 branch of the dungeon, and saw 7 of its levels.

You collected 354 gold pieces.

Inventory:

Jewellery
 g - an amulet of faith
 r - a ring of magical power (left paw)
Scrolls
 c - a scroll of enchant armour {unknown}
 d - 2 scrolls of immolation
 f - a scroll of noise
 i - a scroll of blinking {unknown}
 k - a scroll of poison {unknown}
 n - a scroll of teleportation {unknown}
 o - a scroll of butterflies
 p - a scroll of vulnerability {unknown}
 q - a scroll of torment {unknown}
Potions
 a - a potion of magic
 b - a potion of attraction
 e - 3 potions of might
 h - 3 potions of lignification
 j - a potion of haste
 l - a potion of curing
 m - 2 potions of heal wounds


   Skills:
 + Level 4.7 Fighting
 + Level 7.0 Dodging
 - Level 2.6 Stealth
 - Level 5.0 Spellcasting
 - Level 5.0 Hexes
 + Level 7.1 Summonings
 + Level 3.0 Air Magic


You had 5 spell levels left.
You knew the following spells:

 Your Spells              Type           Power      Damage    Failure   Level
a - Summon Small Mammal   Summ           100%       N/A       1%          1
b - Call Canine Familiar  Summ           30%        N/A       1%          3
c - Summon Guardian Gole  Hex/Summ       26%        N/A       3%          3
d - Summon Lightning Spi  Summ/Air       22%        N/A       16%         4

Your spell library contained the following spells:

 Spells                   Type           Power      Damage    Failure   Level
 Call Imp                 Summ           30%        N/A       1%          2


Dungeon Overview and Level Annotations

Branches:
Dungeon (7/15)
 Temple: D:4-7

Altars:

Shops:
D:2 :   D:4 =

Annotations:
D:3 exclusion: orc priest
D:5 1 runed translucent door, Crazy Yiuf


Innate Abilities, Weirdness & Mutations

You have sharp claws.
You have razor-sharp teeth.
You have supernaturally acute eyesight. (SInv)
You cover ground quickly. (Speed+)
You are covered in thick fur. (AC +2)
Your paws help you pounce on unaware monsters.
You are incapable of wielding weapons or throwing items.
You cannot wear armour.
You gain extra lives every three experience levels.


Message History

The kobold brigand hits you with a +0 club!
Your quokka completely misses the kobold brigand.
Your hound bites the kobold brigand.
The kobold throws a stone.
The stone completely misses you.
The kobold brigand completely misses you.
Your quokka barely misses the kobold brigand.
Your hound misses the kobold brigand.
A wyvern comes into view.
Your hound completely misses the kobold brigand.
Your quokka closely misses the kobold brigand.
The kobold brigand completely misses you.
Your hound misses the kobold brigand. The wyvern barely misses you.
Your quokka bites the kobold brigand.
The kobold brigand hits your guardian golem with a +0 club.
Your hound bites the kobold brigand.
The wyvern misses you.
Your quokka closely misses the kobold brigand.
You swap places.
The wyvern completely misses your guardian golem.
The kobold throws a stone.
The stone completely misses you. The kobold brigand misses you.
Your hound bites the kobold brigand but does no damage.
Your quokka bites the kobold brigand.
The kobold throws a stone.
The stone hits you but does no damage. The wyvern bites your guardian golem!
The kobold brigand hits you with a +0 club!
* * * LOW HITPOINT WARNING * * *
The kobold brigand attacks as you move away!
The kobold brigand completely misses you.
Your hound bites the kobold brigand.
Your quokka barely misses the kobold brigand.
Your hound bites the kobold brigand but does no damage.
The kobold brigand throws a curare-tipped dart.
The curare-tipped dart hits you.
You are lethally poisoned!
You have difficulty breathing.
You die...
You feel as though you will be slow longer.
Your quokka barely misses the kobold brigand.
You are now level 7!
You rejoin the land of the living...
Are you sure you want to abandon this character and quit the game? (Confirm with "yes".)

. . .# .# $#
.#####.####
!..........
.......#
###########.#
.....#
.......@....#
?....##
###########.#
......#
.Kr...#########
h9....).....).#
..
.lK†.########.#
#.# [.#.<..#
#.##### ####.#.
#...##.#
#>....# .....#.
##.## .#
#.###.#
#.##.#.#


There were no monsters in sight!

Vanquished Creatures
  A kobold (D:4)
1 creature vanquished.

Vanquished Creatures (collateral kills)
  A sky beast (D:6)
  An ogre (D:4)
  3 phantoms (D:6)
  A kobold brigand (D:4)
  A bullfrog (D:6)
  3 scorpions
  A howler monkey (D:5)
  2 jellies
  3 hounds
  3 iguanas
  Natasha (twice) (D:3)
  2 orc wizards
  10 gnolls
  5 adders
  A shadow imp (D:6)
  2 ufetubi (D:5)
  3 dart slugs
  17 orcs
  7 ball pythons
  6 endoplasms
  2 giant cockroaches
  9 hobgoblins
  5 jackals (D:3)
  A quokka (D:3)
  4 bats
  2 frilled lizards (D:2)
  7 goblins
  32 kobolds
  4 rats
140 creatures vanquished.

Vanquished Creatures (others)
  Maggie (D:6)
  Sigmund (D:3)
  An ogre (D:5)
  A scorpion (D:5)
  3 gnolls
  An orc (D:7)
  55 plants (D:4)
63 creatures vanquished.

Grand Total: 204 creatures vanquished

Notes
Turn   | Place    | Note
-------+----------+-------------------------------------------
     0 | D:1      | MacCMillion the Felid Summoner began the quest for the Orb.
     0 | D:1      | Reached XP level 1. HP: 7/7 MP: 4/4
    96 | D:1      | Noticed a great orb of eyes
    98 | D:1      | Found a faded altar of an unknown god.
   101 | D:1      | Noticed a shining eye
   105 | D:1      | Noticed a golden eye
   139 | D:1      | Noticed a golden eye
   258 | D:1      | Reached XP level 2. HP: 11/11 MP: 4/6
  1863 | D:2      | Reached XP level 3. HP: 14/14 MP: 6/8
  1983 | D:1      | Learned a level 3 spell: Call Canine Familiar
  2151 | D:2      | You fall into a shaft and drop 2 floors!
  2710 | D:2      | Reached XP level 4. HP: 18/18 MP: 2/9
  2716 | D:2      | Learned a level 3 spell: Summon Guardian Golem
  2847 | D:2      | Found Ruceyla's Book Emporium.
  2992 | D:2      | Reached skill level 1 in Hexes
  2992 | D:2      | Reached skill level 5 in Summonings
  3162 | D:2      | Found Ruceyla's Book Emporium.
  3580 | D:3      | Noticed Sigmund
  3700 | D:3      | Reached XP level 5. HP: 21/21 MP: 11/11
  3758 | D:3      | Noticed Natasha
  4205 | D:4      | Reached skill level 1 in Fighting
  4388 | D:4      | Gained mutation: You are covered in thick fur. (AC +2)
                  | [Felid growth]
  4388 | D:4      | Reached XP level 6. HP: 21/25 MP: 7/12
  4487 | D:4      | Found Zibbysix's Jewellery Shoppe.
  4997 | D:5      | Entered Level 5 of the Dungeon
  5834 | D:3      | Killed Sigmund
  5835 | D:3      | Reached XP level 7. HP: 30/30 MP: 6/14
  6160 | D:3      | Killed from afar by Natasha
  6161 | D:3      | Reached XP level 6. HP: 0/27 MP: 11/13
  6215 | D:3      | Killed Natasha
  6414 | D:3      | Noticed Natasha
  6433 | D:3      | Killed Natasha
  6736 | D:5      | Reached skill level 5 in Dodging
  6746 | D:5      | Reached XP level 7. HP: 30/30 MP: 6/14
  6864 | D:5      | Reached skill level 5 in Hexes
  6870 | D:5      | Learned a level 4 spell: Summon Lightning Spire
  7506 | D:5      | Found a runed translucent door.
  7507 | D:5      | Noticed Crazy Yiuf
  7812 | D:6      | Reached skill level 1 in Air Magic
  7999 | D:6      | Reached skill level 5 in Spellcasting
  8148 | D:6      | Reached XP level 8. HP: 36/36 MP: 9/16
  8383 | D:6      | Noticed Maggie
  8412 | D:6      | Killed Maggie
  9608 | D:6      | Identified the +3 ring mail of the Blue Eagle {-Tele +Inv
                  | rElec Slay+5}
  9905 | D:7      | Asphyxiated
  9906 | D:7      | Reached XP level 7. HP: -1/33 MP: 17/24
  9906 | D:7      | Quit the game

Illustrated notes

Levels and vault maps discovered:
D:1:      mrwooster_arrival_arrow, layout_basic,
          hellmonk_ecumenical_altar_watching_god
D:2:      layout_rooms, serial_shops, nicolae_lakefront_shop
D:3:      layout_basic, uniq_natasha, uniq_sigmund
D:4:      kennysheep_kobold_camp, layout_cave_pods, serial_shops,
          nicolae_shop_hallway_plus
D:5:      layout_rooms, uniq_crazy_yiuf_cottage
D:6:      layout_basic, uniq_maggie
D:7:      layout_loops_ring, nicolae_overflow_two_pavilions, temple_green

Skill      XL: |  1  2  3  4  5  6  7  8 |
---------------+-------------------------+-----
Spellcasting   | 3 4 5 |  5.0
Hexes          | 1 2 4 5 |  5.0
Summonings     | 5 6 7 |  7.1
Dodging        | 3 5 7 |  7.0
Fighting       | 1 2 3 4 |  4.7
Air Magic      | 1 3 |  3.0
Stealth        | |  2.6

Action                   |  1- 3 |  4- 6 |  7- 9 || total
-------------------------+-------+-------+-------++-------
Melee: Unarmed           |     2 |     8 |       ||    10
 Cast: Summon Small Mamm |    67 |    50 |    14 ||   131
       Call Canine Famil |     7 |    31 |    35 ||    73
       Summon Guardian G |       |     3 |    25 ||    28
  Use: Scroll            |       |     6 |     3 ||     9
Armor: Skin              |     5 |     1 |     1 ||     7
Dodge: Dodged            |    19 |    43 |    17 ||    79
